 Dungeon Crawl Stone Soup version 0.29-a0-1006-g0dd7720b37 (console) character file.

Game seed: 7517965073622280406

88104 jejorda2 the Phalangite (level 15, -9/180 HPs)
             Began as a Merfolk Berserker on Aug 6, 2022.
             Was a High Priest of Trog.
             Mangled by an ettin
             ... wielding a +0 dire flail
              (38 damage)
             ... on level 13 of the Dungeon.
             The game lasted 01:09:25 (25887 turns).

jejorda2 the Phalangite (Merfolk Berserker)        Turns: 25887, Time: 01:09:25

Health: -9/180     AC: 32    Str: 23    XL:     15   Next: 92%
Magic:  15/15      EV: 11    Int:  5    God:    Trog [*****.]
Gold:   2405       SH:  0    Dex: 13    Spells: 14/14 levels left

rFire   . . .      SeeInvis +   a - +6 glaive {vorpal, rPois rC+ Int-4}
rCold   + + .      Faith    +   (shield currently unavailable)
rNeg    . . .      Spirit   .   U - +1 plate armour {rC+}
rPois   +          Reflect  .   g - +2 hood of the Assassin {Detection Stab+ Stlth++}
rElec   .          Harm     .   L - +2 cloak {Will+}
rCorr   .          Rampage  .   q - +2 pair of gloves
Will    ++...                   N - +2 pair of boots
Stlth   ..........              A - amulet of faith
HPRegen 0.40/turn               D - ring of see invisible
MPRegen 0.14/turn               n - +4 ring of protection

@: berserking, studying Armour, very quick
A: (nimble swimmer 2), mertail
a: Renounce Religion, Berserk, Trog's Hand, Brothers in Arms


You were on level 13 of the Dungeon.
You worshipped Trog.
Trog was extremely pleased with you.
You visited 3 branches of the dungeon, and saw 20 of its levels.
You also visited: Ice Cave.

You collected 3245 gold pieces.
You spent 840 gold pieces at shops.

Inventory:

Hand Weapons
 a - the +6 glaive of Fortitude (weapon) {vorpal, rPois rC+ Int-4}
   (Trog gifted it to you on level 2 of the Orcish Mines)

   It inflicts extra damage upon your enemies.
   Int:       It affects your intelligence (-4).
   rC:        It protects you from cold.
   rPois:     It protects you from poison.
 b - a +0 demon trident
 j - a +3 bardiche
Missiles
 c - 5 throwing nets
 e - 217 stones
 t - 13 javelins
 w - 13 boomerangs (quivered)
 y - 6 curare-tipped darts
 C - 29 poisoned darts
Armour
 g - the +2 hood of the Assassin (worn) {Detection Stab+ Stlth++}
   (You bought it in a shop on level 2 of the Orcish Mines)

   It allows the wearer to sense nearby creatures.
   It allows the wearer to make particularly effective stabbing attacks against
   helpless or unaware enemies with any weapon.
   Stlth:     It makes you much more stealthy.
 q - a +2 pair of gloves (worn)
 L - a +2 cloak of willpower (worn)
 N - a +2 pair of boots (worn)
 S - +0 storm dragon scales
 U - a +1 plate armour of cold resistance (worn)
Jewellery
 f - a ring of resist corrosion
 n - a +4 ring of protection (right hand)
 A - an amulet of faith (around neck)
 D - a ring of see invisible (left hand)
 F - a ring of fire
 O - a ring of fire
 Q - a ring of poison resistance
Wands
 m - a wand of paralysis (7)
 K - a wand of flame (66)
 M - a wand of quicksilver (3)
 V - a wand of digging (5)
Scrolls
 i - a scroll of fog
 l - 3 scrolls of fear
 p - 5 scrolls of enchant armour
 r - 3 scrolls of enchant weapon
 s - 8 scrolls of teleportation
 u - 3 scrolls of blinking
 G - 2 scrolls of summoning
 H - 3 scrolls of brand weapon
 R - 5 scrolls of immolation
Potions
 d - 5 potions of heal wounds
 h - a potion of flight
 k - 3 potions of haste {unknown}
 o - 2 potions of attraction {unknown}
 v - 5 potions of curing
 x - 5 potions of berserk rage
 z - 2 potions of mutation {unknown}
 B - 2 potions of resistance {unknown}
 E - 4 potions of might
 I - 3 potions of degeneration {unknown}
 J - 3 potions of cancellation
 P - 4 potions of ambrosia {unknown}
Miscellaneous
 T - a phial of floods
 W - a tin of tremorstones (2/2)


   Skills:
 - Level 12.1 Fighting
 * Level 21.0 Polearms
 * Level 11.5 Throwing
 + Level 10.9 Armour
 - Level 10.6 Dodging
 + Level 7.4 Evocations


You had 14 spell levels left.
You didn't know any spells.
Your spell library was empty.

Dungeon Overview and Level Annotations

Branches:
Dungeon (13/15)            Temple (0/1) D:6            Lair (5/5) D:9
 Shoals (0/4) Lair:2       Spider (0/4) Lair:2        Slime (0/5) Lair:4
    Orc (2/2) D:9             Elf (0/3) Orc:2         IceCv (visited)
 Vaults: D:13-14

Altars:
Dithmenos
Gozag
Hepliaklqana
Kikubaaqudgha
Makhleb
Okawaru
Wu Jian
Zin

Shops:
D:7 ?   Orc:1 [   Orc:2 !:[(

Portals:
Hell: Lair:5

Annotations:
D:7 1 runed translucent door, exclusion: door, Crazy Yiuf


Innate Abilities, Weirdness & Mutations

((You are very nimble when in or above water. (Stealth+, EV+, Speed+++)))
Your lower body shifts to a powerful aquatic tail in water.


Message History

You slash the slime creature!
The slime creature is lightly wounded.
The slime creature hits you but does no damage.
You chop the slime creature into pieces!!!
You kill the slime creature!
Trog accepts your kill.
No target in view!
No target in view!
Found a stone staircase leading up.
You see here a +0 leather armour.
You see here a potion of brilliance.
Found a stone staircase leading up.
There is a stone staircase leading up here.
Found a stone staircase leading down.
As you open the door, it creaks loudly!
There is an open door here.
A wizard and an ettin come into view.
The wizard shouts!
You completely miss the ettin.
The ettin hits you with a +0 dire flail!
The ettin hits you with a +0 great mace!!!
You slash the ettin!
The ettin is moderately wounded.
The ettin hits you with a +0 dire flail!
The ettin hits you with a +0 great mace!
You are too injured to fight recklessly!
You are too injured to fight recklessly!
You are too injured to fight recklessly!
You are too injured to fight recklessly!
A red film seems to cover your vision as you go berserk!
You feel yourself moving faster!
You feel mighty! The ettin barely misses you.
The ettin hits you with a +0 great mace!!
You hit the ettin.
The ettin is moderately wounded.
You slice the ettin!!
The ettin is severely wounded.
The ettin hits you with a +0 dire flail!!
* * * LOW HITPOINT WARNING * * *
The ettin hits you with a +0 great mace!!!
You die...

...####################.##.#
...'.......[....#######.##.#
...#####.............##.##.#
...# #.##...#####..##.##.#
...### #..........#†.##....#
....[# #.#######..#..##.####
#....# #÷# #..#..##.# #....#
#.# #..#..##.####### #....#
#.# #@.#.###.#.....#
#....###.#....pC..#.#
#.#.###.#
#........##########.#
#.#..<#.#
#######.........†(..#
#.###...#
#############'###.# #.###
#.......[.# #.# #.........#
#.# #.........###.#
#.............#


You could see an ettin and a wizard.

Vanquished Creatures
  A storm dragon (D:12)
  A reaper (IceCv)
  Harold (D:11)
  5 boulder beetles
  A catoblepas (D:12)
  4 hydras
  An ogre mage (Orc:1)
  Erica (D:9)
  2 two-headed ogres
  2 death knights (D:12)
  A tengu warrior (D:13)
  2 orc high priests (Orc:2)
  Sonja (Lair:3)
  A sun demon (Lair:5)
  The ghost of SirDiesAlot the Myrmidon, a novice DsFi of Okawaru (D:7)
  A flayed ghost (D:12)
  Pikel (D:8)
  3 harpies (D:12)
  2 lindwurms (Lair:3)
  2 deep elf pyromancers (D:12)
  9 ugly things
  4 orc knights
  5 cyclopes
  2 oklob plants (D:12)
  3 manticores
  3 orc sorcerers (Orc:2)
  10 elephants
  5 black mambas
  An ice statue (IceCv)
  Joseph (D:9)
  Maurice (D:8)
  9 cane toads
  A smoke demon (Lair:5)
  3 gargoyles
  A torpor snail (Lair:1)
  3 unseen horrors (D:12)
  An orange demon (Lair:5)
  A kobold demonologist (D:11)
  Psyche (D:8)
  A freezing wraith (IceCv)
  7 rime drakes
  An ice devil (IceCv)
  An anaconda simulacrum (IceCv)
  8 komodo dragons
  3 red devils (Lair:5)
  A queen bee (D:12)
  11 trolls
  3 polar bears
  3 meliai (D:12)
  A hornet (D:8)
  11 slime creatures
  A wind drake (Lair:2)
  12 blink frogs
  4 dream sheep (Lair:1)
  A water elemental (D:13)
  A jumping spider (Lair:3)
  2 shadows (D:12)
  2 wraiths
  41 yaks
  2 vampires (D:11)
  7 wyverns
  5 basilisks
  A steam dragon (D:8)
  6 wargs
  2 redbacks (Lair:3)
  2 harpy simulacra (IceCv)
  7 vampire mosquitoes
  2 acid dragons (D:11)
  2 hydra simulacra (IceCv)
  A hell hound (Lair:5)
  23 water moccasins
  A sky beast (D:7)
  24 orc warriors
  2 ice beasts (D:8)
  3 black bears
  14 ogres
  6 centaurs
  21 wolves
  A phantom (D:6)
  4 lemures (D:8)
  7 kobold brigands
  17 bullfrogs
  9 two-headed ogre simulacra (IceCv)
  3 gnoll sergeants
  3 scorpions
  3 cane toad simulacra (IceCv)
  13 wights
  34 killer bees
  2 electric eels (D:7)
  2 elephant simulacra (IceCv)
  2 howler monkeys
  A lava snake (Lair:3)
  7 hounds
  21 orc priests
  5 jellies
  3 iron imps (D:11)
  3 iguanas
  Natasha (thrice) (D:4)
  29 orc wizards
  4 hell rats (Lair:3)
  8 spriggan simulacra (IceCv)
  3 troll simulacra (IceCv)
  4 wolf simulacra (IceCv)
  7 naga simulacra (IceCv)
  5 adders
  15 gnolls
  5 white imps
  6 ufetubi (IceCv)
  3 worms
  A dart slug (D:1)
  81 orcs
  6 ball pythons
  8 endoplasms
  2 giant cockroaches
  5 goblins
  19 hobgoblins
  4 quokkas
  5 bats
  6 frilled lizards
  17 kobolds
  4 rats
734 creatures vanquished.

Vanquished Creatures (collateral kills)
  2 boulder beetles (Lair:3)
  An orc high priest (Orc:2)
  3 orc knights (Orc:2)
  2 orc sorcerers (Orc:2)
  An ice devil (Lair:5)
  3 hell hounds (Lair:5)
  2 orc warriors (Orc:2)
  2 killer bees (D:12)
  2 orc wizards (Orc:2)
18 creatures vanquished.

Vanquished Creatures (others)
  A wizard (Lair:5)
  A killer bee (D:12)
  2 orc priests (Orc:2)
  20 fungi
  33 plants
  A withered plant (D:12)
58 creatures vanquished.

Grand Total: 810 creatures vanquished

Notes
Turn   | Place    | Note
-------+----------+-------------------------------------------
     0 | D:1      | jejorda2 the Merfolk Berserker began the quest for the Orb.
     0 | D:1      | Reached XP level 1. HP: 18/18 MP: 1/1
   120 | D:1      | Reached XP level 2. HP: 14/24 MP: 2/2
   693 | D:1      | Reached ** piety under Trog
   694 | D:1      | Reached XP level 3. HP: 30/30 MP: 3/3
  1744 | D:3      | Found an ancient bone altar of Kikubaaqudgha.
  1789 | D:3      | Reached skill level 5 in Polearms
  1789 | D:3      | Reached XP level 4. HP: 37/37 MP: 4/4
  2015 | D:3      | Identified the +1 leather armour "Ifrumof" {rPois}
  2052 | D:3      | Reached XP level 5. HP: 43/43 MP: 5/5
  2067 | D:3      | Found the macabre finger necklace {rN+}
  2158 | D:3      | Found a faded altar of an unknown god.
  2427 | D:3      | Found an ornate altar of the Wu Jian Council.
  2654 | D:4      | Noticed Natasha
  2661 | D:4      | Killed Natasha
  2717 | D:4      | Noticed Natasha
  2728 | D:4      | Killed Natasha
  2732 | D:4      | Reached skill level 6 in Polearms
  2732 | D:4      | Reached XP level 6. HP: 22/50 MP: 6/6
  2785 | D:4      | Noticed Natasha
  2793 | D:4      | Killed Natasha
  2794 | D:4      | Reached skill level 5 in Fighting
  2809 | D:4      | Reached *** piety under Trog
  3034 | D:4      | Reached XP level 7. HP: 56/56 MP: 7/7
  3246 | D:4      | Reached skill level 7 in Polearms
  3599 | D:5      | Entered Level 5 of the Dungeon
  3600 | D:5      | Found an iron altar of Okawaru.
  3782 | D:5      | Reached skill level 8 in Polearms
  3786 | D:5      | Reached XP level 8. HP: 64/64 MP: 8/8
  4592 | D:6      | Found a staircase to the Ecumenical Temple.
  4600 | D:6      | Reached skill level 9 in Polearms
  4997 | D:6      | Reached skill level 5 in Armour
  5084 | D:6      | Reached skill level 10 in Polearms
  5135 | D:6      | Reached XP level 9. HP: 58/69 MP: 9/9
  5284 | D:6      | Reached skill level 11 in Polearms
  5328 | D:6      | Noticed a cyclops
  5342 | D:6      | Killed a cyclops
  5350 | D:6      | Reached skill level 12 in Polearms
  5778 | D:6      | Noticed a cyclops
  5784 | D:6      | Killed a cyclops
  6139 | D:7      | Found a runed translucent gate.
  6139 | D:7      | Found a runed translucent gate.
  6139 | D:7      | Found a runed translucent gate.
  6141 | D:7      | Found an opulent altar of Gozag.
  6142 | D:7      | Noticed a troll
  6142 | D:7      | Noticed SirDiesAlot's ghost (novice DsFi)
  6143 | D:7      | Noticed a green ugly thing
  6196 | D:7      | Reached skill level 13 in Polearms
  6298 | D:7      | Found Gaixomp's Magic Scroll Boutique.
  6379 | D:7      | Found a runed translucent door.
  6380 | D:7      | Noticed Crazy Yiuf
  6428 | D:7      | Noticed a cyclops
  6436 | D:7      | Killed a cyclops
  6437 | D:7      | Reached skill level 14 in Polearms
  6437 | D:7      | Reached XP level 10. HP: 76/76 MP: 10/10
  6506 | D:7      | Found a glowing silver altar of Zin.
  6825 | D:7      | Reached **** piety under Trog
  6826 | D:7      | Reached skill level 15 in Polearms
  7110 | D:7      | Killed SirDiesAlot's ghost
  7116 | D:7      | Reached skill level 16 in Polearms
  7180 | D:7      | Killed a green ugly thing
  7697 | D:8      | Reached skill level 17 in Polearms
  7714 | D:8      | Noticed a gargoyle
  7752 | D:8      | Killed a gargoyle
  7762 | D:8      | Reached XP level 11. HP: 56/81 MP: 11/11
  7955 | D:8      | Found a shadowy altar of Dithmenos.
  8003 | D:8      | Noticed Maurice
  8038 | D:8      | Killed Maurice
  8039 | D:8      | Reached skill level 18 in Polearms
  8126 | D:8      | Noticed Psyche
  8130 | D:8      | Killed Psyche
  8133 | D:8      | Reached ***** piety under Trog
  8189 | D:8      | Noticed Pikel
  8210 | D:8      | Killed Pikel
  8424 | D:9      | Reached skill level 5 in Dodging
  8427 | D:9      | Reached skill level 1 in Evocations
  8561 | D:9      | Found a staircase to the Orcish Mines.
  8929 | D:9      | Noticed Erica
  8933 | D:9      | Killed Erica
  8934 | D:9      | Reached skill level 1 in Throwing
  9140 | D:9      | Noticed Joseph
  9155 | D:9      | Killed Joseph
  9467 | D:9      | Found a staircase to the Lair.
  9504 | D:10     | Entered Level 10 of the Dungeon
  9654 | D:10     | Received a gift from Trog
  9868 | D:10     | Reached skill level 19 in Polearms
 10449 | Lair:1   | Entered Level 1 of the Lair of Beasts
 10623 | Lair:1   | Reached XP level 12. HP: 77/89 MP: 12/12
 10746 | Lair:1   | Reached skill level 20 in Polearms
 11294 | Lair:1   | Reached skill level 5 in Evocations
 12446 | Lair:2   | Found a staircase to the Shoals.
 12446 | Lair:2   | Found a hole to the Spider Nest.
 12748 | Lair:2   | Found a hazy altar of Hepliaklqana.
 13277 | Lair:3   | Found a shadowy altar of Dithmenos.
 13408 | Lair:3   | Noticed a boulder beetle
 13416 | Lair:3   | Killed a boulder beetle
 13417 | Lair:3   | Reached XP level 13. HP: 101/101 MP: 13/13
 13566 | Lair:3   | Received a gift from Trog
 13574 | Lair:3   | Reached skill level 10 in Fighting
 14128 | Lair:3   | Noticed Sonja
 14162 | Lair:3   | Killed Sonja
 14449 | Lair:3   | Found a runed translucent door.
 14522 | Lair:3   | Found a runed translucent gate.
 14522 | Lair:3   | Found a runed translucent gate.
 14522 | Lair:3   | Found a runed translucent gate.
 14522 | Lair:3   | Found a runed translucent gate.
 14522 | Lair:3   | Found a runed translucent gate.
 14522 | Lair:3   | Found a runed translucent gate.
 14649 | Lair:3   | Identified the ring "Esick" {Int+6 Dex+5}
 15016 | Lair:4   | Reached skill level 10 in Armour
 15036 | Lair:4   | Found a staircase to the Slime Pits.
 16019 | Lair:5   | Entered Level 5 of the Lair of Beasts
 16072 | Lair:5   | Reached XP level 14. HP: 111/111 MP: 14/14
 16196 | Lair:5   | Reached skill level 5 in Throwing
 17123 | Lair:5   | Found a burning altar of Makhleb.
 17269 | Lair:5   | Found a gateway to Hell.
 17531 | Lair:5   | Received a gift from Trog
 17891 | Orc:1    | Entered Level 1 of the Orcish Mines
 18195 | Orc:1    | Found Luegea's Armour Shop.
 18267 | Orc:2    | Entered Level 2 of the Orcish Mines
 18344 | Orc:1    | Found a frozen archway.
 18354 | IceCv    | Entered an ice cave
 18465 | IceCv    | Reached ****** piety under Trog
 18692 | IceCv    | Noticed a reaper
 18722 | IceCv    | Killed a reaper
 19483 | IceCv    | Received a gift from Trog
 20717 | Orc:2    | Identified the +6 glaive of Fortitude {vorpal, rPois rC+
                  | Int-4} (Trog gifted it to you on level 2 of the Orcish
                  | Mines)
 20717 | Orc:2    | Received a gift from Trog
 20730 | Orc:2    | Found Napsil's Antique Weapon Shoppe.
 20772 | Orc:2    | Reached skill level 10 in Dodging
 20788 | Orc:2    | Reached XP level 15. HP: 32/120 MP: 15/15
 21082 | Orc:2    | Found a staircase to the Elven Halls.
 21518 | Orc:2    | Found Ucuiw's Book Boutique.
 21527 | Orc:2    | Found Acrakaek's Distillery.
 21529 | Orc:2    | Found Cughumn's Armour Shoppe.
 21592 | Orc:2    | Bought the +2 hood of the Assassin {Detection Stab+
                  | Stlth++} for 840 gold pieces
 21592 | Orc:2    | Found the +2 hood of the Assassin {Detection Stab+ Stlth++}
 21968 | D:11     | Reached skill level 10 in Throwing
 22056 | D:11     | Noticed Harold
 22072 | D:11     | Killed Harold
 22168 | D:11     | Found a burning altar of Makhleb.
 22190 | D:11     | Received a gift from Trog
 23423 | D:12     | Noticed a storm dragon
 24231 | D:12     | Received a gift from Trog
 24906 | D:12     | Killed a storm dragon
 25747 | D:13     | Reached skill level 21 in Polearms
 25887 | D:13     | Mangled by an ettin

Illustrated notes

Levels and vault maps discovered:
D:1:      heliophobic_arrival_henge, layout_basic, kennysheep_crisscross,
          st_stairs_6, minmay_indecisive_spiral
D:2:      layout_loops_ring
D:3:      layout_loops_ring, pdpol_wu_jian_five_deadly_venoms,
          overflow_temple_1_default, shapermc_ecumenical_altar_starsandcircs
D:4:      cheibrodos_old_hovel, layout_cave_pools,
          minmay_a_box_with_orc_wizards_in_it, uniq_natasha
D:5:      layout_basic, okawaru_gym_becter, dk_noncrumbling_2
D:6:      minmay_chambers_of_sixes, layout_loops_cross,
          minmay_temple_entry_metal_lava
D:7:      layout_rooms, nicolae_overflow_crystal_walls, serial_shops,
          nicolae_shop_crystal, ebering_ghost_gozag, kennysheep_cross_room,
          minmay_tree_intersection, kennysheep_generic_room_15,
          uniq_crazy_yiuf_cottage
D:8:      minmay_clustersquares, layout_basic, old_standard_altar, uniq_maurice,
          uniq_pikel, uniq_psyche
D:9:      layout_loops_ring, grunt_lair_entry_orc_guard_hut,
          minmay_orc_entry_temple_large, hangedman_abyss_or_decor_passed,
          uniq_erica, uniq_joseph
D:10:     layout_layer_cave
D:11:     minmay_recursive_quarters, layout_basic, dreamdust_princess_bridge,
          demons_altar, uniq_harold
D:12:     regret_index_harrowing_hell_hive, layout_basic, argonaut_gorgonesque
D:13:     layout_basic, david_vaults_4, serial_bayou_ford_a, grunt_ogre_cave
Lair:1:   layout_cellular_growth
Lair:2:   layout_loops_ring, minmay_shoals_entry_beasts,
          spider_nest_entry_web_field, basic_altar, minivault_26,
          grunt_megastairs_5
Lair:3:   gammafunk_indiana_jones, layout_long_grid, basic_altar,
          lemuel_fruit_tree, grunt_megastairs_2, uniq_sonja
Lair:4:   layout_roguey, nicolae_slime_entry_slimehenge, st_stairs_12,
          beast_lair_carwin_7
Lair:5:   evil_forest, layout_regular_city
Orc:1:    cheibrodos_orc_bank, layout_caves, serial_shops, nicolae_shop_crystal,
          portal_ice_cave_entry_pillars_2, mines4_lemuel
Orc:2:    st_orc_elflike, layout_caves

Skill      XL: |  1  2  3  4  5  6  7  8  9 10 11 12 13 14 15 |
---------------+----------------------------------------------+-----
Armour         | 2 3 4 5 6 7 10 | 10.9
Fighting       | 4 5 6 9 10 12 | 12.1
Polearms       | 5 6 8 10 14 17 19 20 21 | 21.0
Dodging        | 6 7 10 | 10.6
Evocations     | 3 6 7 |  7.4
Throwing       | 1 4 9 11 | 11.5

Action                   |  1- 3 |  4- 6 |  7- 9 | 10-12 | 13-15 || total
-------------------------+-------+-------+-------+-------+-------++-------
Melee: Spear             |   145 |    27 |       |       |       ||   172
       Punch             |     2 |       |     2 |       |     1 ||     5
       Trident           |       |   120 |    92 |       |    23 ||   235
       Halberd           |       |       |   165 |   575 |       ||   740
       Tailslap          |       |       |       |     1 |     2 ||     3
       Glaive            |       |       |       |       |  1140 ||  1140
       Demon trident     |       |       |       |       |    15 ||    15
Throw: Stone             |     3 |       |     2 |       |       ||     5
       Dart              |       |       |       |     4 |     5 ||     9
       Javelin           |       |       |       |     2 |       ||     2
       Boomerang         |       |       |       |       |     3 ||     3
Invok: Berserk           |     1 |     3 |    10 |     5 |    19 ||    38
       Trog's Hand       |       |     2 |     1 |     1 |     6 ||    10
       Brothers in Arms  |       |       |       |       |     4 ||     4
Evoke: Wand              |       |       |       |       |     1 ||     1
  Use: Scroll            |       |       |    11 |     9 |    10 ||    30
       Potion            |       |       |       |       |     1 ||     1
 Stab: Sleeping          |     1 |       |       |     1 |       ||     2
       Paralysed         |       |       |       |       |     1 ||     1
       Petrified         |       |       |       |       |     3 ||     3
       Distracted        |       |       |       |       |     2 ||     2
Armor: Animal skin       |     3 |       |       |       |       ||     3
       Ring mail         |    23 |       |       |       |       ||    23
       Scale mail        |     7 |     7 |       |       |       ||    14
       Chain mail        |       |     4 |       |       |       ||     4
       Leather armour    |       |    45 |    66 |    64 |       ||   175
       Plate armour      |       |       |       |   123 |   489 ||   612
Dodge: Dodged            |    47 |    73 |   109 |   175 |   368 ||   772

Table legend: (Time is in decaauts)
 A = Elapsed time spent in this place.
 B = Non-inter-level travel time spent in this place.
 C = Inter-level travel time spent in this place.
 D = Time resting spent in this place.
 E = Time spent auto-exploring this place.
 F = Levels seen in this place.
 G = Mean time per level.
                   A        B        C        D        E       F      G
               +--------+--------+--------+--------+--------+-----+--------+
         Total |  25586 |  24641 |    945 |   4427 |  16026 |  21 | 1218.4 |
       Dungeon |  14653 |  14207 |    446 |   2117 |   9736 |  13 | 1127.2 |
          Lair |   7254 |   6969 |    285 |   1409 |   4579 |   5 | 1450.8 |
  Orcish Mines |   2304 |   2091 |    213 |    242 |   1305 |   2 | 1152.0 |
      Ice Cave |   1374 |   1374 |      0 |    659 |    405 |   1 | 1374.0 |
               +--------+--------+--------+--------+--------+-----+--------+

Top non-repeatable levels by time:
    D:12: 2219 daAuts
     D:6: 1649 daAuts
  Lair:3: 1605 daAuts
  Lair:1: 1536 daAuts
    D:11: 1501 daAuts
  Lair:5: 1445 daAuts
  Lair:4: 1426 daAuts
   IceCv: 1374 daAuts
   Orc:1: 1264 daAuts
  Lair:2: 1241 daAuts
     D:9: 1186 daAuts
     D:7: 1122 daAuts
     D:4: 1042 daAuts
   Orc:2: 1039 daAuts
     D:8: 1024 daAuts
